 Dungeon Crawl Stone Soup version 0.25-a0-632-g7713895373 (webtiles) character file.

Game seed: 18412613711245488996, levelgen mode: deterministic

201 Mgcat the Skirmisher (level 5, -3/42 HPs)
             Began as a Demonspawn Fighter on Mar 19, 2020.
             Slain by an orc priest (4 damage)
             ... on level 5 of the Dungeon.
             The game lasted 00:04:25 (1942 turns).

Mgcat the Skirmisher (Demonspawn Fighter)           Turns: 1942, Time: 00:04:25

Health: -3/42      AC:  6    Str: 17    XL:     5   Next: 50%
Magic:  5/5        EV:  7    Int:  9    God:
Gold:   53         SH:  0    Dex: 15    Spells: 4/4 levels left

rFire    . . .     SeeInvis .   a - +0 war axe
rCold    . . .     Gourm    .   c - +0 kite shield
rNeg     + + .     Faith    .   b - +0 scale mail
rPois    .         Spirit   .   (no helmet)
rElec    .         Reflect  .   (no cloak)
rCorr    .         Harm     .   (no gloves)
MR       .....                  (no boots)
Stlth    ..........             (no amulet)
HPRegen  0.14/turn              m - ring of positive energy {rN+}
MPRegen  0.09/turn              r - ring of positive energy {rN+}

@: confused
A: thin skeletal structure 1, spiny 1
a: no special abilities


You were on level 5 of the Dungeon.
You were hungry.

You visited 1 branch of the dungeon, and saw 4 of its levels.

You collected 53 gold pieces.

Inventory:

Hand Weapons
 a - a +0 war axe (weapon)
Armour
 b - a +0 scale mail (worn)
 c - a +0 kite shield (worn)
Jewellery
 m - a ring of positive energy (left hand) {rN+}
   (You found it on level 1 of the Dungeon)
 r - a ring of positive energy (right hand) {rN+}
   (You found it on level 2 of the Dungeon)
Scrolls
 e - a scroll of magic mapping {unknown}
 i - 2 scrolls of identify {unknown}
 l - 2 scrolls of random uselessness {unknown}
 n - a scroll of noise {unknown}
 o - a scroll of enchant armour {unknown}
 p - 3 scrolls of enchant weapon {unknown}
 q - a scroll of teleportation {unknown}
Potions
 g - a potion of flight
 j - a potion of curing
 k - a potion of degeneration {unknown}
Comestibles
 f - 6 rations
 h - 2 chunks of flesh {@w0}


   Skills:
 + Level 3.8 Fighting
 * Level 3.5 Axes
 + Level 3.4 Armour
 + Level 3.5 Shields


You had 4 spell levels left.
You didn't know any spells.
Your spell library was empty.

Dungeon Overview and Level Annotations

Branches:
Dungeon (3/15)

Altars:
Nemelex Xobeh
Okawaru
Qazlal
Sif Muna
Trog


Innate Abilities, Weirdness & Mutations

You have a somewhat thin skeletal structure. (Dex +2, Stealth)
You are partially covered in sharp spines.


Message History

You feel very buoyant.
You fly up into the air.
* * * LOW HITPOINT WARNING * * *
You feel sick. You block the hound's attack.
The hound is struck by your spines. The hound barely misses you.
You take 1 damage, and have 5/42 hp.
It was a potion of curing.
You feel better. The hound bites you but does no damage.
You regained 11 hp, and now have 16/42 hp.
You barely miss the hound.
The hound is lightly wounded.
The hound is struck by your spines. The hound bites you but does no damage.
The hound bites you. The hound is struck by your spines. The hound bites you.
You take 3 damage, and have 13/42 hp.
You slice the hound!!
You kill the hound!
You start resting.
You feel a little less mighty now.
You regained 4 hp, and now have 17/42 hp.
You start resting.
Some of the chunks of flesh in your inventory have rotted away.
You are starting to lose your buoyancy.
Unknown command.
You start resting.
You float gracefully downwards.
You start resting.
An orc wizard comes into view. It is wielding a +0 dagger.
You regained 2 hp, and now have 21/42 hp.
Spoiler Alert: The orc wizard (wandering) might cast Slow, Confuse, Throw Flame, Throw Frost, or go Invisible!
Unknown command.
Lua error: [string "/dgldir/rcfiles/crawl-git/Mgcat.rc"]:930: invalid capture index The orc wizard gestures at you while chanting.
You block the puff of flame.
Spoiler Alert: The orc wizard might cast Slow, Confuse, Throw Flame, Throw Frost, or go Invisible!
Spoiler Alert: The orc wizard might cast Slow, Confuse, Throw Flame, Throw Frost, or go Invisible!
Warning x2: The orc wizard might cast Slow, Confuse, Throw Flame, Throw Frost, or go Invisible!
The orc priest (wandering) can smite you!
Spoiler Alert: The orc wizard might cast Slow, Confuse, Throw Flame, Throw Frost, or go Invisible!
Unknown command.
Spoiler Alert: The orc wizard might cast Slow, Confuse, Throw Flame, Throw Frost, or go Invisible!
Unknown command.
Spoiler Alert: The orc wizard might cast Slow, Confuse, Throw Flame, Throw Frost, or go Invisible!
Unknown command.
Spoiler Alert: The orc wizard might cast Slow, Confuse, Throw Flame, Throw Frost, or go Invisible!
Unknown command.
Spoiler Alert: The orc wizard might cast Slow, Confuse, Throw Flame, Throw Frost, or go Invisible!
The orc priest shouts!
You hear a shout! x2
An orc comes into view. It is wielding a +0 whip.
The orc wizard points at you and mumbles some strange words.
You are confused.
An orc comes into view. It is wielding a +0 dagger.
Warning x2: The orc wizard might cast Slow, Confuse, Throw Flame, Throw Frost, or go Invisible!
The orc priest can smite you!
Warning x2: The orc wizard might cast Slow, Confuse, Throw Flame, Throw Frost, or go Invisible!
The orc priest can smite you!
You aren't carrying any items that you can evoke.
Warning x2: The orc wizard might cast Slow, Confuse, Throw Flame, Throw Frost, or go Invisible!
The orc priest can smite you!
You're too confused!
Warning x2: The orc wizard might cast Slow, Confuse, Throw Flame, Throw Frost, or go Invisible!
The orc priest can smite you!
Warning x2: The orc wizard might cast Slow, Confuse, Throw Flame, Throw Frost, or go Invisible!
The orc priest can smite you!
You bump into the rock wall.
Warning x2: The orc wizard might cast Slow, Confuse, Throw Flame, Throw Frost, or go Invisible!
The orc priest can smite you!
The orc wizard mumbles some strange words.
The orc wizard flickers and vanishes!
Deactivating autopickup; reactivate with Ctrl-A.
Some of the chunks of flesh in your inventory have rotted away.
You bump into the rock wall.
The orc priest invokes the aid of Beogh against you.
Beogh smites you!
You take 8 damage, and have 14/42 hp.
Spoiler Alert: The orc priest can smite you!
Something hits you.
You take 1 damage, and have 13/42 hp.
You closely miss the orc priest. You completely miss something.
You slash the orc!
You kill the orc!
You feel less confused. You block the orc priest's attack. Something hits you.
The orc priest is struck by your spines.
The orc priest hits you.
* * * LOW HITPOINT WARNING * * *
You take 1 damage, and have 12/42 hp.
Spoiler Alert: The orc priest can smite you!
You barely miss the orc priest.
The orc priest is moderately wounded.
You closely miss something.
You are feeling hungry.
You hear some strange, mumbled words.
You are confused.
The orc priest invokes the aid of Beogh against you.
Beogh smites you!
* * * LOW HITPOINT WARNING * * *
You hear some strange, mumbled words.
Something tries to affect you, but you resist.
You take 11 damage, and have 1/42 hp.
MASSIVE DAMAGE!!
Spoiler Alert: The orc priest can smite you!
Your shield prevents you from hitting the orc priest.
The orc priest is moderately wounded.
You closely miss the orc. You completely miss something.
The orc is struck by your spines. The orc closely misses you.
The orc priest is struck by your spines.
The orc priest hits you.
You die...

..............#
o.............######
...................#
.......s...........#
.....########).....#
..... #......# ...
#......# #..oo..###
#...@....#
#####....# #....#
#....# #....# #....#
#....# #....# #....#


You could see an orc priest and an orc.

Vanquished Creatures
  A scorpion (D:5)
  A hound (D:5)
  A worker ant zombie (D:5)
  7 adders
  A worm (D:3)
  A dart slug (D:2)
  A leopard gecko (D:1)
  2 orcs (D:5)
  8 goblins
  6 hobgoblins (D:1)
  2 jackals (D:5)
  2 quokkas
  2 ball pythons
  4 frilled lizards (D:1)
  3 kobolds
  5 rats
47 creatures vanquished.

Notes
Turn   | Place    | Note
-------+----------+-------------------------------------------
     0 | D:1      | Mgcat the Demonspawn Fighter began the quest for the Orb.
     0 | D:1      | Reached XP level 1. HP: 18/18 MP: 1/1
    53 | D:1      | Reached skill level 2 in Axes
    71 | D:1      | Gained mutation: You have a somewhat thin skeletal
                  | structure. (Dex +2, Stealth) [demonic ancestry]
    71 | D:1      | Reached XP level 2. HP: 23/24 MP: 2/2
   536 | D:2      | Reached skill level 3 in Armour
   536 | D:2      | Reached skill level 3 in Shields
   536 | D:2      | Gained mutation: You are partially covered in sharp spines.
                  | [demonic ancestry]
   536 | D:2      | Reached XP level 3. HP: 17/29 MP: 3/3
  1023 | D:2      | Reached XP level 4. HP: 27/35 MP: 4/4
  1232 | D:2      | Found a sparkling altar of Nemelex Xobeh.
  1232 | D:2      | Found a stormy altar of Qazlal.
  1233 | D:2      | Found a shimmering blue altar of Sif Muna.
  1406 | D:2      | Reached skill level 3 in Axes
  1732 | D:3      | Found an iron altar of Okawaru.
  1732 | D:3      | Found a bloodstained altar of Trog.
  1736 | D:3      | You fall into a shaft and drop 2 floors!
  1736 | D:5      | Entered Level 5 of the Dungeon
  1866 | D:5      | HP: 9/36 [poisoned by a scorpion]
  1867 | D:5      | Reached XP level 5. HP: 11/42 MP: 5/5
  1941 | D:5      | HP: 1/42 [orc priest/divine providence (11)]
  1942 | D:5      | Slain by an orc priest

Levels and vault maps discovered:
D:1:      psy_arrival_statuary, layout_basic
D:2:      layout_basic, gammafunk_temple_overflow_forgotten
D:3:      layout_basic, chequers_temple_overflow_statue_of_worship, first_ration
D:5:      layout_basic

Skill      XL: |  1  2  3  4 |
---------------+-------------+-----
Axes           | 2 3 |  3.5
Armour         | 3 |  3.4
Shields        | 3 |  3.5
Fighting       | |  3.8

Action                   |  1- 3 |  4- 6 || total
-------------------------+-------+-------++-------
Melee: War axe           |    86 |    48 ||   134
  Use: Potion            |       |     3 ||     3
  Eat: Chunk             |       |     3 ||     3
Armor: Scale mail        |    27 |    16 ||    43
Dodge: Dodged            |    17 |    11 ||    28
Block: Kite shield       |    46 |    22 ||    68

Table legend:
 A = Non-vault XP
 B = Vault XP
 C = Vault XP percentage of total XP
 D = Non-vault monster count
 E = Vault monster count
 F = Vault count percentage of total count
                 A         B        C        D         E       F
            +---------+---------+-------+---------+---------+-------
      Total |     288 |       0 |   0.0 |      47 |       0 |   0.0
            +---------+---------+-------+---------+---------+-------
        D:1 |      44 |       0 |   0.0 |      21 |       0 |   0.0
        D:2 |      84 |       0 |   0.0 |      14 |       0 |   0.0
        D:3 |      11 |       0 |   0.0 |       4 |       0 |   0.0
        D:5 |     149 |       0 |   0.0 |       8 |       0 |   0.0
            +---------+---------+-------+---------+---------+-------

Levels and vault maps discovered:
D:1:      psy_arrival_statuary, layout_basic
D:2:      layout_basic, gammafunk_temple_overflow_forgotten
D:3:      layout_basic, chequers_temple_overflow_statue_of_worship, first_ration
D:5:      layout_basic

Table legend:
 A = Turns spent in this place as a percentage of turns spent in the entire game.
 B = Non-inter-level travel turns spent in this place as a percentage of non-inter-level travel turns spent in the entire game.
 C = Inter-level travel turns spent in this place as a percentage of turns spent in this place.
 D = Turns resting spent in this place as a percentage of non-inter-level travel turns spent in this place.
 E = Turns spent auto-exploring this place as a percentage of non-inter-level travel turns spent in this place.
 F = Non-inter-level travel turns spent in this place divided by the number of levels of this place that you've seen.
                   A       B       C       D       E      F
               +-------+-------+-------+-------+-------+----------------------
         Total | 100.0 | 100.0 |   3.3 |  13.8 |  69.9 | 469.5
       Dungeon | 100.0 | 100.0 |   3.3 |  13.8 |  69.9 | 469.5
               +-------+-------+-------+-------+-------+----------------------

Table legend:
 A = Kills in this place as a percentage of kills in entire the game.
 B = Kills by you in this place as a percentage of kills by you in the entire game.
 C = Kills by friends in this place as a percentage of kills by friends in the entire game.
 D = Other kills in this place as a percentage of other kills in the entire game.
 E = Experience gained in this place as a percentage of experience gained in the entire game.
 F = Experience gained in this place divided by the number of levels of this place that you have seen.
                   A       B       C       D       E      F
               +-------+-------+-------+-------+-------+----------------------
         Total | 100.0 | 100.0 |   N/A |   N/A | 100.0 |  72.0
       Dungeon | 100.0 | 100.0 |   N/A |   N/A | 100.0 |  72.0
               +-------+-------+-------+-------+-------+----------------------
